Unix NetHack Version 5.0.0-0 post-release - last build May 10 2026 23:12:36 (d1fa5d53e341ca933230fdaa984d921c805b60aa,branch:main).

Game began 2026-05-13 18:32:03, ended 2026-05-13 23:14:44.

Brudee, neutral male human Wizard

                                G





                                  G                G G
                                      G                 h@            B

                         h
                                                                  ....
                                                                  .G%..
                                                                  .....
                                                                    ...


                                   d

Brudee the Conjurer       St:12 Dx:16 Co:15 In:15 Wi:8 Ch:12  Neutral S:1524
Dlvl:4  $:64 HP:0(49) Pw:4(49) AC:7  Xp:5/285 T:2800  Burdened Blind

Latest messages:
 In what direction? y
 The spell misses the dwarf.
 What do you want to zap? [c or ?*] ?
 What do you want to zap? [c or ?*] <space>
 Never mind.
 You hear crashing rock.
 You kill the dwarf!
 You try to feel what is lying here on the stairs.
 There is a staircase up to level 3 here.
 There are several objects here.
 You hit the gnome.
 The gnome hits!
 You kill the gnome!
 You hear a B flat squeak in the distance.
 You hear a B flat squeak in the distance.
 You hit the gnome.
 You kill the gnome!
 You climb up the stairs.
 You stop waiting.
 You can't go up here.
 You fall down the stairs.
 You try to feel what is lying here on the stairs.
 There is a staircase up to level 3 here.
 There are several objects here.
 A giant bat suddenly appears!
 What do you want to put on? [des or ?*] ?
 Which ring-finger, Right or Left? [rl] r
 s - a wire ring (on right hand).
 You hear some noises in the distance.
 You try to feel what is lying here on the stairs.
 There is a staircase up to level 3 here.
 There are several objects here.
 You try to feel what is lying here on the stairs.
 What do you want to zap? [c or ?*] c
 In what direction? h
 The giant bat vanishes and reappears close by.
 You hear crashing rock.
 It misses.
 What do you want to zap? [c or ?*] c
 In what direction? .
 You materialize in a different location!
 The flask crashes on your head and breaks into shards.
 Something seems to be holding you.
 The bugbear hits!
 You hear crashing rock.
 The bugbear hits!
 The bugbear hits!
 You die...
 Do you want your possessions identified? [ynq] (y) y
 Do you want to see your attributes? [ynq] (y) q

Inventory:
 Coins    ('$')
  $ - 64 gold pieces
 Weapons  (')')
  v - 13 cursed +0 darts
  C - a blessed +1 dagger
  z - a +0 dagger
  E - a +0 javelin (at the ready)
  a - a blessed +1 quarterstaff (weapon in hands)
 Armor    ('[')
  A - an uncursed +0 pair of iron shoes (being worn)
  b - an uncursed +0 cloak of magic resistance (being worn)
 Comestibles  ('%')
  U - an uncursed apple
  w - an uncursed food ration
  X - an uncursed fortune cookie
  y - an uncursed melon
 Scrolls  ('?')
  O - an uncursed scroll of confuse monster
  k - 2 uncursed scrolls of destroy armor
  t - an uncursed scroll of enchant armor
  j - 3 uncursed scrolls of enchant weapon
  Y - 2 uncursed scrolls of fire
  p - an uncursed scroll of remove curse
 Spellbooks  ('+')
  m - an uncursed spellbook of cure blindness
  Z - an uncursed spellbook of cure sickness
  l - a blessed spellbook of force bolt
  G - an uncursed spellbook of light
  W - an uncursed spellbook of magic missile
  q - an uncursed spellbook of turn undead
 Potions  ('!')
  H - an uncursed potion of blindness
  R - an uncursed potion of booze
  I - an uncursed potion of fruit juice
  T - an uncursed potion of healing
  L - an uncursed potion of polymorph
  M - an uncursed potion of speed
  g - 5 potions of holy water
  x - 2 potions of holy water
  J - an uncursed potion of water
 Rings    ('=')
  e - an uncursed ring of polymorph
  d - an uncursed ring of protection from shape changers
  s - an uncursed ring of see invisible (on right hand)
 Wands    ('/')
  c - a wand of teleportation (0:4)
 Tools    ('(')
  o - an uncursed blindfold (being worn)
  n - a magic marker (0:12)
  B - an uncursed skeleton key
 Gems/Stones  ('*')
  N - an uncursed worthless piece of black glass
  f - an uncursed worthless piece of orange glass

Brudee the Wizard's attributes:

Background:
 You were a Conjurer, a level 5 male human Wizard.
 You were neutral, on a mission for Thoth
 who was opposed by Ptah (lawful) and Anhur (chaotic).
 You were right-handed.
 You were in the Gnomish Mines, on level 4.
 You entered the dungeon 2800 turns ago.
 It was nighttime.
 You had 285 experience points, 35 more were needed to attain level 6.
 Your score was 1524 before end-of-game adjustments.

Basics:
 You had 0 out of 49 hit points.
 You had 4 out of 49 energy points (spell power).
 Your armor class was 7.
 Your wallet contained 64 zorkmids.
 Autopickup was on for '!+?"/=$' plus thrown.

Final Characteristics:
 Your strength was 12 (limit:18/100).
 Your dexterity was 16 (limit:18).
 Your constitution was 15 (limit:18).
 Your intelligence was 15 (limit:18).
 Your wisdom was 8 (limit:18).
 Your charisma was 12 (limit:18).

Final Status:
 You were deliberately blind.
 You weren't hungry.
 You were burdened; movement was slightly slowed.
 You were wielding a quarterstaff.
 You had basic skill with quarterstaff.

Final Attributes:
 You were piously aligned.
 You were magic-protected.
 You would have seen invisible when not blind.
 You were telepathic.
 You were warded.
 You were fast.
 You are dead.

Miscellaneous:
 You didn't encounter any bones levels.
 Total elapsed playing time was 33 minutes and 53 seconds.

Major events:
 Turn
    1: Brudee the neutral male human Wizard entered the dungeon
  954: attained the rank of Conjurer (level 3)
 2337: entered the Gnomish Mines
 2800: killed by a bugbear, while frozen by a potion

Spells:
 Name                 Level Category     Fail Retention
 force bolt             1   attack         0%   81%-90%
 cure blindness         2   healing       72%  76%-100%

Skills:
 Fighting Skills
   bare handed combat [Unskilled]
   riding             [Unskilled]
 Weapon Skills
   dagger             [Unskilled]
   knife              [Unskilled]
   axe                [Unskilled]
   short sword        [Unskilled]
   club               [Unskilled]
   mace               [Unskilled]
   quarterstaff       [Basic]
   polearms           [Unskilled]
   spear              [Unskilled]
   trident            [Unskilled]
   sling              [Unskilled]
   dart               [Unskilled]
   shuriken           [Unskilled]
 Spellcasting Skills
   attack spells      [Basic]
   healing spells     [Unskilled]
   divination spells  [Unskilled]
   enchantment spells [Basic]
   clerical spells    [Unskilled]
   escape spells      [Unskilled]
   matter spells      [Unskilled]

Voluntary challenges:
 Character rerolling was not enabled.
 You never genocided any monsters.
 You never polymorphed an object.
 You never changed form.
 You used no wishes.
Achievements:
 You entered a shop.
 You attained the rank of Conjurer.
 You entered the Gnomish Mines.

 The Dungeons of Doom: levels 1 to 7
    Level 1:
    Level 2:
       A general store, some fountains.
       Stairs down to The Gnomish Mines.
    Level 3:
       A food shop, an altar to Thoth, a sink, a grave.
    Level 4:
    Level 5:
    Level 6:
       A sink.
    Level 7:
 The Gnomish Mines: levels 3 to 4
    Level 3:
    Level 4: <- You were here.
       Final resting place for
          you, killed by a bugbear, while frozen by a potion.


Vanquished creatures:
 an imp
  a gnome leader
 an elf zombie
  a ghoul
  3 giant ants
  3 floating eyes
  a kitten
  4 dwarves
  a homunculus
  a werejackal
 an acid blob
  a coyote
  2 gas spores
  a hobbit
  2 giant rats
  2 yellow molds
 16 gnomes
  a garter snake
  6 geckos
  9 jackals
  a sewer rat
  3 grid bugs
  a bat
  3 lichens
  4 newts
70 creatures vanquished.

No species were genocided or became extinct.

Game over:
                       ----------
                      /          \
                     /    REST    \
                    /      IN      \
                   /     PEACE      \
                  /                  \
                  |      Brudee      |
                  |      64 Au       |
                  |   killed by a    |
                  |     bugbear      |
                  |                  |
                  |                  |
                  |       2026       |
                 *|     *  *  *      | *
        _________)/\\_//(\/(/\)/\//\/|_)_______

Goodbye Brudee the Wizard...

You died in The Gnomish Mines on dungeon level 4 with 1518 points,
and 64 pieces of gold, after 2800 moves.
You were level 5 with a maximum of 49 hit points when you died.

